 Dungeon Crawl Stone Soup version 0.30-a0-2-gf48d83f5e2 (webtiles) character file.

Game seed: 5370252142612661384

1607 ytrimaz the Martial Artist (level 8, -4/82 HPs)
             Began as an Octopode Transmuter on Aug 20, 2022.
             Was a Follower of Ashenzari.
             Slain by a two-headed ogre
             ... wielding a +0 giant spiked club
              (20 damage)
             ... on level 7 of the Dungeon.
             The game lasted 00:07:45 (8555 turns).

ytrimaz the Martial Artist (Octopode Transmuter)    Turns: 8555, Time: 00:07:45

Health: -4/82      AC: 24    Str: 10    XL:     8   Next: 95%
Magic:  11/11      EV:  2    Int: 17    God:    Ashenzari [*.....]
Gold:   387        SH:  0    Dex: 12    Spells: 5/11 levels left

rFire   + . .      SeeInvis .      - Unarmed
rCold   . . .      Faith    .    (no shield)
rNeg    . . .      Spirit   .    (helmet currently unavailable)
rPois   +          Reflect  .    q - amulet of the Eternal Sage {RegenMP, Elem, Melee} (curse)
rElec   .          Harm     .    i - ring of Panopticon {rF+, Cun, Alch} (curse)
rCorr   .          Rampage  .    (no ring)
Will    .....      NoTele   +    (no ring)
Stlth   +.........               (no ring)
HPRegen 0.23/turn                (no ring)
MPRegen 0.52/turn                (no ring)
                                 (no ring)
                                 (no ring)

@: tree-form, wereblooded, on berserk cooldown, attractive, slowed, very slow
A: stationary, stasis, torment immunity, boosted hp, almost no armour,
(amphibious), 8 rings, (camouflage 1), (gelatinous body 1), (nimble swimmer 1),
(tentacles)
a: Renounce Religion, Shatter the Chains


You were on level 7 of the Dungeon.
You worshipped Ashenzari.
Ashenzari was aware of your devotion.
You were a tree.
You visited 2 branches of the dungeon, and saw 8 of its levels.

You collected 387 gold pieces.

Inventory:

Jewellery
 i - the cursed ring of Panopticon (left branch) {rF+, Cun, Alch}
   (You found it on level 2 of the Dungeon)

   [ring of protection from fire]

   rF:        It protects you from fire.
   It has a curse which improves the following skills: Cunning: Dodging and
   Stealth.
   Alchemy:   Poison Magic and Transmutations.
 m - a ring of fire
 q - the cursed amulet of the Eternal Sage (around neck) {RegenMP, Elem, Melee}
   (You found it on level 6 of the Dungeon)

   [amulet of magic regeneration]

   It increases your rate of magic regeneration.
   It has a curse which improves the following skills: Elements: Fire Magic, Ice
   Magic, Air Magic and Earth Magic.
   Melee Combat: Short Blades, Long Blades, Axes, Maces & Flails, Polearms,
   Staves and Unarmed Combat.
Scrolls
 b - a scroll of poison
 e - 2 scrolls of magic mapping
 g - 3 scrolls of teleportation
 j - 5 scrolls of fear
 l - a scroll of enchant armour
 n - 3 scrolls of butterflies
 s - a scroll of enchant weapon
Potions
 c - a potion of degeneration
 f - a potion of magic
 h - 4 potions of curing
 k - 2 potions of heal wounds
 o - a potion of attraction


   Skills:
 * Level 5.2 Fighting
 + Level 4.6(5.5) Dodging
 - Level 9.1(10.0) Unarmed Combat
 - Level 2.0 Spellcasting
 - Level 2.0(2.6) Transmutations


You had 5 spell levels left.
You knew the following spells:

 Your Spells              Type           Power      Damage    Failure   Level
a - Beastly Appendage     Tmut           20%        N/A       6%          1
b - Wereblood             Tmut           10%        N/A       10%         2
c - Spider Form           Tmut/Pois      6%         N/A       32%         3

Your spell library contained the following spells:

 Spells                   Type           Power      Damage    Failure   Level
 Magic Dart               Conj           4%         1d3       19%         1
 Shock                    Conj/Air       4%         1d3       19%         1
 Poisonous Vapours        Pois/Air       4%         N/A       28%         2
 Searing Ray              Conj           2%         2d4       28%         2
 Ignite Poison            Fire/Tmut/Pois 4%         N/A       36%         3
 Mephitic Cloud           Conj/Pois/Air  1%         N/A       50%         3
 Swiftness                Air            2%         N/A       50%         3
 Ice Form                 Ice/Tmut       6%         N/A       73%         4
 Airstrike                Air            1%         2d(1-17)  88%         4
 Corpse Rot               Necr/Pois/Air  1%         N/A       88%         4
 Fulminant Prism          Conj/Hex       0%         3d6       88%         4
 Freezing Cloud           Conj/Ice/Air   0%         6-21      99%         5
 Summon Forest            Summ/Tloc      0%         N/A       99%         5
 Eringya's Noxious Bog    Tmut/Pois      3%         N/A       100%        6
 Summon Hydra             Summ           0%         N/A       100%        7


Dungeon Overview and Level Annotations

Branches:
Dungeon (7/15)             Temple (1/1) D:4

Altars:
Ashenzari
Cheibriados
Dithmenos
Fedhas
Gozag
Hepliaklqana
Kikubaaqudgha
Makhleb
Nemelex Xobeh
Okawaru
Qazlal
Sif Muna
Trog
Uskayaw
Vehumet
Wu Jian
Xom
Yredelemnul
Zin
The Shining One

Annotations:
D:4 exclusion: steam dragon
D:6 2 runed translucent doors, IdlyInterested's ghost, novice DsWn


Innate Abilities, Weirdness & Mutations

You are a tree.
Your roots penetrate the ground, keeping you stationary.
You cannot be teleported.
You are immune to unholy pain and torment.
Your maximum health is greatly increased.
You cannot wear most types of armour.
((You are amphibious.))
You can wear up to eight rings at the same time.
((Your skin changes colour to match your surroundings (Stealth+).))
((Your rubbery body absorbs attacks. (AC +1, EV +1)))
((You are camouflaged when in or above water. (Stealth+)))
((You have tentacles for arms and can constrict up to eight enemies at once.))


Message History

You pummel the centaur!!
You feel a bit better.
You kill the centaur!
You cannot move.
Unknown command.
You feel a strong urge to attack something.
You feel your anger nearly subside.
You are no longer berserk.
You are exhausted.
You feel yourself slow down.
You start resting.
A two-headed ogre comes into view.
It is wielding two +0 giant spiked clubs.
The two-headed ogre is attracted toward you.
A two-headed ogre is nearby!
A two-headed ogre is nearby!
Unknown command.
The two-headed ogre barely misses you.
The two-headed ogre hits you with a +0 giant spiked club.
You smack the two-headed ogre!
The two-headed ogre is moderately wounded.
The two-headed ogre hits you with a +0 giant spiked club. x2
You hit the two-headed ogre.
The two-headed ogre is moderately wounded.
You hear a bark!
A hound comes into view.
The hound is attracted toward you.
You smack the two-headed ogre!
The two-headed ogre is heavily wounded.
You creak as the wereblood boils in your veins!
The hound bites you but does no damage.
The two-headed ogre hits you with a +0 giant spiked club!!
* * * LOW HITPOINT WARNING * * *
The two-headed ogre hits you with a +0 giant spiked club.
* * * LOW HITPOINT WARNING * * *
The hound bites you but does no damage.
You pummel the two-headed ogre!!
The two-headed ogre is almost dead.
The hound bites you.
* * * LOW HITPOINT WARNING * * *
The two-headed ogre hits you but does no damage.
The two-headed ogre hits you with a +0 giant spiked club!!
You die...

.........#.........
....####.........##.
#... #...........
... ##......##...
.##..## #....... ...
.^...#.##........ ..
..............#
........)..#
#....)♣)..#
#....hO.......
##............
...........#...
#........### ..
#.##.....# . .
#..#..# ...#...


You could see a two-headed ogre and a hound.

Vanquished Creatures
  Duvessa (D:7)
  A black bear (D:6)
  An ice beast (D:4)
  3 centaurs
  An ogre (D:5)
  A phantom (D:6)
  A bullfrog (D:4)
  2 scorpions (D:5)
  2 necrophages (D:4)
  Dowan (D:7)
  A howler monkey (D:7)
  4 hounds
  A gnoll bouda (D:5)
  8 iguanas
  5 gnolls (D:5)
  7 adders
  A shadow imp (D:5)
  2 white imps (D:5)
  3 worms
  2 dart slugs (D:2)
  5 bats
  2 giant cockroaches
  3 goblins
  7 hobgoblins
  7 kobolds
  3 quokkas (D:1)
  3 ball pythons
  2 frilled lizards
  3 rats
83 creatures vanquished.

Notes
Turn   | Place    | Note
-------+----------+-------------------------------------------
     0 | D:1      | ytrimaz the Octopode Transmuter began the quest for the
                  | Orb.
     0 | D:1      | Reached XP level 1. HP: 13/13 MP: 3/3
   461 | D:1      | Found a faded altar of an unknown god.
   474 | D:1      | Got Plato's Book of the Bruised Songs
  1040 | D:1      | Reached XP level 2. HP: 17/18 MP: 3/5
  1866 | D:2      | Reached XP level 3. HP: 15/24 MP: 4/6
  2062 | D:2      | Learned a level 2 spell: Wereblood
  2066 | D:2      | Learned a level 3 spell: Spider Form
  2498 | D:2      | Reached skill level 4 in Unarmed Combat
  2777 | D:2      | Reached XP level 4. HP: 24/29 MP: 5/7
  3491 | D:3      | Found a shadowy altar of Dithmenos.
  3619 | D:3      | Found a burning altar of Makhleb.
  3986 | D:4      | Noticed a necrophage
  3992 | D:4      | Killed a necrophage
  3993 | D:4      | Reached skill level 5 in Unarmed Combat
  3993 | D:4      | Reached XP level 5. HP: 19/35 MP: 6/8
  4272 | D:4      | Reached XP level 6. HP: 39/41 MP: 7/9
  4460 | D:4      | Noticed a steam dragon
  4531 | D:4      | Identified the +1 scale mail "Apup" {rPois Will- Regen+
                  | Dex-2}
  4585 | D:4      | Found a staircase to the Ecumenical Temple.
  4995 | Temple   | Entered the Ecumenical Temple
  5235 | Temple   | Became a worshipper of Ashenzari the Shackled
  5291 | D:5      | Entered Level 5 of the Dungeon
  5304 | D:5      | Reached skill level 6 in Unarmed Combat
  5321 | D:5      | Reached XP level 7. HP: 18/46 MP: 7/10
  5713 | D:5      | Reached skill level 7 in Unarmed Combat
  6552 | D:5      | Reached XP level 8. HP: 45/54 MP: 11/11
  6931 | D:6      | Identified the +2 leather armour of Nakaqe {+Blink}
  7062 | D:6      | Found a large runed translucent door.
  7066 | D:6      | Found a large runed translucent door.
  7073 | D:6      | Reached skill level 8 in Unarmed Combat
  7961 | D:6      | Noticed IdlyInterested's ghost (novice DsWn)
  8119 | D:6      | Reached * piety under Ashenzari
  8535 | D:7      | Noticed Duvessa
  8535 | D:7      | Noticed Dowan
  8542 | D:7      | Killed Duvessa
  8543 | D:7      | Reached skill level 9 in Unarmed Combat
  8543 | D:7      | Killed Dowan
  8544 | D:7      | Reached skill level 5 in Fighting
  8550 | D:7      | Noticed a two-headed ogre
  8555 | D:7      | Slain by a two-headed ogre

Illustrated notes

Levels and vault maps discovered:
D:1:      zelgadis_glass_arrival_small, layout_basic,
          shapermc_ecumenical_altar_rom_forum, moated_statue,
          dreamdust_princess_corridor
D:2:      layout_basic
D:3:      layout_loops_ring, mainiacjoe_overflow_tiny_flanked,
          lemuel_coloured_pillars_altar, kennysheep_generic_room_9
D:4:      layout_layer_cave, minmay_temple_entry_statues,
          kennysheep_generic_room_3
D:5:      layout_rooms, minmay_misc_feat_enclosed
D:6:      layout_basic, serial_rivers, chequers_serial_rivers_micro_d,
          chequers_serial_rivers_large_b, chequers_serial_rivers_micro_d,
          chequers_serial_rivers_marsh, chequers_serial_rivers_micro_e,
          chequers_serial_rivers_room_a, ebering_ghost_disaster_area,
          grunt_decor_junction, solitary_fountain
D:7:      layout_cave_pools, serial_shops, shop, uniq_duvessa
Temple:   dpeg_five_rooms_temple

Skill      XL: |  1  2  3  4  5  6  7  8 |
---------------+-------------------------+-----
Fighting       | 2 3 5 |  5.2
Unarmed Combat | 4 5 6 7 9 |  9.1
Dodging        | 3 4 |  4.6
Spellcasting   | |  2.0
Transmutations | |  2.0

Action                   |  1- 3 |  4- 6 |  7- 9 || total
-------------------------+-------+-------+-------++-------
Melee: Unarmed           |    67 |    65 |   106 ||   238
       Constrict         |    25 |    15 |    10 ||    50
       Tentacles         |    18 |    13 |    12 ||    43
       Kick              |    11 |    12 |    15 ||    38
       Punch             |     2 |       |     2 ||     4
 Cast: Beastly Appendage |    22 |    14 |    11 ||    47
       Spider Form       |       |     2 |     7 ||     9
       Wereblood         |       |       |     2 ||     2
Invok: Curse Item        |       |       |     2 ||     2
  Use: Scroll            |     6 |     3 |     5 ||    14
       Potion            |       |       |     3 ||     3
 Stab: Sleeping          |     5 |     2 |     2 ||     9
Armor: Skin              |     4 |     3 |    19 ||    26
Dodge: Dodged            |    31 |    40 |    77 ||   148

Table legend: (Time is in decaauts)
 A = Elapsed time spent in this place.
 B = Non-inter-level travel time spent in this place.
 C = Inter-level travel time spent in this place.
 D = Time resting spent in this place.
 E = Time spent auto-exploring this place.
 F = Levels seen in this place.
 G = Mean time per level.
                   A        B        C        D        E       F      G
               +--------+--------+--------+--------+--------+-----+--------+
         Total |   8537 |   8282 |    255 |   1660 |   5775 |   8 | 1067.1 |
       Dungeon |   8266 |   8069 |    197 |   1660 |   5577 |   7 | 1180.9 |
        Temple |    271 |    213 |     58 |      0 |    198 |   1 |  271.0 |
               +--------+--------+--------+--------+--------+-----+--------+

Top non-repeatable levels by time:
     D:1: 1830 daAuts
     D:4: 1723 daAuts
     D:6: 1663 daAuts
     D:2: 1297 daAuts
     D:5: 946 daAuts
     D:3: 759 daAuts
  Temple: 271 daAuts
     D:7: 45 daAuts
